 Dungeon Crawl Stone Soup version 0.31-b1-20-g67cafac56d (webtiles) character file.

Game seed: 9911984095759927650

588 groovy9 the Trooper (level 7, -2/44 HPs)
             Began as a Gargoyle Berserker on Jan 18, 2024.
             Was a Believer of Trog.
             Slain by WalktheLine's ghost (11 damage)
             ... on level 4 of the Dungeon.
             The game lasted 00:09:29 (2682 turns).

groovy9 the Trooper (Gargoyle Berserker)            Turns: 2682, Time: 00:09:30

Health: -2/44      AC: 22    Str: 22    XL:     7   Next: 38%
Magic:  7/7        EV:  9    Int:  8    God:    Trog [**....]
Gold:   214        SH:  0    Dex:  9    Spells: 6/6 levels left

rFire   . . .        a - +0 hand axe
rCold   + . .        (no shield)
rNeg    + . .        r - +0 chain mail
rPois   ∞            o - +0 helmet
rElec   +            (no cloak)
rCorr   .            (no gloves)
SInv    .            j - +2 pair of boots
Will    .....        (no amulet) Stlth
                     c - ring of protection from cold
HPRegen 0.27/turn    q - +4 ring of protection
MPRegen 0.10/turn

%: no passive effects
@: on berserk cooldown, slowed, very slow
A: sickness immunity, AC +4, negative energy resistance 1, electricity
resistance, torment resistance 1, petrification resistance
a: Renounce Religion, Berserk, Trog's Hand


You were on level 4 of the Dungeon.
You worshipped Trog.
Trog was pleased with you.
You visited 1 branch of the dungeon, and saw 4 of its levels.

You collected 214 gold pieces.

Inventory:

Hand Weapons
 a - a +0 hand axe (weapon)
Armour
 j - a +2 pair of boots (worn)
 o - a +0 helmet (worn)
 p - a +0 ring mail
 r - a +0 chain mail (worn)
Jewellery
 c - a ring of protection from cold (left hand)
 q - a +4 ring of protection (right hand)
Scrolls
 b - 2 scrolls of fear
 g - a scroll of teleportation {unknown}
 k - a scroll of amnesia
 l - a scroll of identify {unknown}
 m - a scroll of torment {unknown}
 t - a scroll of noise {unknown}
Potions
 d - a potion of invisibility {unknown}
 f - a potion of degeneration {unknown}
 h - 2 potions of lignification {unknown}
 i - a potion of curing {unknown}
 n - a potion of mutation {unknown}
 s - a potion of cancellation {unknown}


   Skills:
 + Level 5.4 Fighting
 + Level 4.4 Axes
 + Level 4.7 Armour
 - Level 3.2 Dodging


You had 6 spell levels left.
You didn't know any spells.
Your spell library was empty.

Dungeon Overview and Level Annotations

Branches:
Dungeon (4/15)
 Temple: D:4-7

Altars:

Annotations:
D:1 1 transporter
D:4 WalktheLine's ghost, novice DrSh


Innate Abilities, Weirdness & Mutations

You are immune to sickness and miasma.
Your stone body is resilient. (AC +4)
You are immune to poison.
You resist negative energy. (rN+)
You are resistant to electric shocks. (rElec)
You are resistant to unholy torment.
You are immune to petrification.


Message History

You are too injured to fight recklessly!
You are too injured to fight recklessly!
You are too injured to fight recklessly!
Okay, then.
Okay, then.
You miss WalktheLine's ghost.
WalktheLine's ghost is lightly damaged.
You closely miss the hound simulacrum. You hit the hound simulacrum.
The hound simulacrum completely misses you.
The hound simulacrum barely misses you.
The hound simulacrum closely misses you.
WalktheLine's ghost hits you. The hound simulacrum bites you.
The hound simulacrum freezes you. You resist.
* * * LOW HITPOINT WARNING * * *
Okay, then.
As you read the scroll labelled WENNUA CEUME, it crumbles to dust.
You assume a fearsome visage.
WalktheLine's ghost is unaffected.
The hound simulacrum is unaffected. x2; It was a scroll of fear.
The hound simulacrum barely misses you.
The hound simulacrum closely misses you.
WalktheLine's ghost hits you but does no damage.
The hound simulacrum bites you.
* * * LOW HITPOINT WARNING * * *
The hound simulacrum freezes you. You resist.
* * * LOW HITPOINT WARNING * * *
The hound simulacrum bites you but does no damage.
WalktheLine's ghost hits you but does no damage.
As you read the scroll labelled OHYB TOFERIYLO, it crumbles to dust.
It is a scroll of amnesia.
You feel forgetful for a moment. The hound simulacrum misses you.
As you read the scroll labelled ERRYNNAUDA, it dissolves into smoke.
It was a scroll of fog.
WalktheLine's ghost completely misses you.
WalktheLine's ghost attacks as it pursues you!
WalktheLine's ghost hits you.
* * * LOW HITPOINT WARNING * * *
WalktheLine's ghost completely misses you.
WalktheLine's ghost attacks as it pursues you!
WalktheLine's ghost hits you!
You die...

#.#### ## #.#... # ...
..... #+#...## #..#####
.. ....###..####§§§## .#
...##......Z§Z§§§# .s#
...#.......§###§Z##...##
...##..#......##W.#s....
....#..#...=...#@.#....#
....#..##.....##..#.##.#
.##.#...###$$##..## #
.##.##....####...#
.##..#..........##
...#.##.........#
...#..##.......##.
...##..###'''###..
######...........#


You could see a scorpion, WalktheLine's ghost and a hound simulacrum.

Vanquished Creatures
  Sigmund (D:2)
  An ice beast (D:4)
  A bullfrog (D:4)
  A scorpion (D:3)
  Natasha (thrice) (D:2)
  A scorpion simulacrum (D:4)
  Robin (D:2)
  4 adders
  2 adder simulacra (D:4)
  2 dart slugs
  A ribbon worm (D:2)
  An orc (D:3)
  4 endoplasms
  A giant cockroach (D:1)
  11 goblins
  5 hobgoblins
  A jackal (D:2)
  A quokka (D:1)
  4 ball pythons
  7 bats
  3 frilled lizards
  6 kobolds
  8 rats
70 creatures vanquished.

Notes
Turn   | Place    | Note
-------+----------+-------------------------------------------
     0 | D:1      | groovy9 the Gargoyle Berserker began the quest for the Orb.
     0 | D:1      | Reached XP level 1. HP: 14/14 MP: 1/1
   133 | D:1      | Found a faded altar of an unknown god.
   289 | D:1      | Reached XP level 2. HP: 16/19 MP: 2/2
   820 | D:2      | Noticed Natasha
   825 | D:2      | Killed Natasha
   826 | D:2      | Reached XP level 3. HP: 21/24 MP: 3/3
   920 | D:2      | Reached ** piety under Trog
  1070 | D:2      | Reached XP level 4. HP: 29/29 MP: 4/4
  1158 | D:2      | Reached skill level 4 in Fighting
  1221 | D:2      | Noticed Sigmund
  1228 | D:2      | Killed Sigmund
  1229 | D:2      | Reached XP level 5. HP: 34/34 MP: 5/5
  1229 | D:2      | Reached XP level 6. HP: 39/39 MP: 6/6
  1280 | D:2      | Noticed Robin
  1299 | D:2      | Killed Robin
  1507 | D:2      | Noticed Natasha
  1517 | D:2      | Killed Natasha
  1595 | D:2      | Noticed Natasha
  1612 | D:2      | Killed Natasha
  2109 | D:3      | Reached skill level 5 in Fighting
  2600 | D:4      | Reached XP level 7. HP: 39/44 MP: 7/7
  2618 | D:4      | Found a runed translucent gate.
  2618 | D:4      | Found a runed translucent gate.
  2618 | D:4      | Found a runed translucent gate.
  2669 | D:4      | Noticed WalktheLine's ghost (novice DrSh)
  2682 | D:4      | Slain by WalktheLine's ghost

Illustrated notes

Levels and vault maps discovered:
D:1:      spicycebolla_arrival_risky_transporter, layout_basic,
          ebering_ecumenical_altar_petrified, st_stairs_8,
          wander_ebering_terrifying_dragon_lair
D:2:      layout_loops_ring, minmay_pentomino_w4, uniq_robin, uniq_sigmund,
          uniq_natasha
D:3:      layout_loops_ring
D:4:      layout_basic, gammafunk_ghost_icy

Skill      XL: |  1  2  3  4  5  6 |
---------------+-------------------+-----
Axes           | 3 4 |  4.4
Dodging        | 2 3 |  3.2
Armour         | 3 4 |  4.7
Fighting       | 4 5 |  5.4

Action                     |  1- 3 |  4- 6 |  7- 9 || total
---------------------------+-------+-------+-------++-------
  Melee: Hand axe          |    75 |   146 |    16 ||   237
         Punch             |     2 |     3 |       ||     5
 Invoke: Berserk           |       |     3 |     1 ||     4
    Use: Scroll            |       |       |     3 ||     3
   Stab: Sleeping          |     3 |       |       ||     3
 Armour: Animal skin       |    44 |    36 |       ||    80
         Ring mail         |       |    66 |       ||    66
         Chain mail        |       |    14 |    18 ||    32
  Dodge: Dodged            |    39 |    95 |    18 ||   152
